← All builds
Tech / Armada / Economy first / OBSERVED BUILD

Standard tech

Standard Tech play: rush T2 factory and constructor by ~4:15-4:33, upgrade the first mexes to advanced, and hand off constructors and army to Geo and allies while scaling eco over the game.

Usually first T2 con to Geo (85%)

#eco #t2 #team support · 681 distinct matches · 101 players · 59% of Armada Tech games · team won 53% of 793 · Recently observed

HOW TO PLAY IT

Key timing: T2 lab by 4:15

  1. Take 3 mex, then wind and a Bot Lab to open eco fast.
  2. Push T2 lab out, aim to pass T2 to air player.
  3. Get first T2 constructor building, prioritize mex upgrades over eco.
  4. Finish Advanced Metal Extractor, keep upgrading team's mex.
  5. Add fus and anti-nuke, keep feeding T2 cons and Umbrella/Citadel to team.

Phase by phase

TYPICAL OF ITS 681 GAMES
  1. 1
  2. 2
  3. 3
  4. 4
PLAY THE OPENING

Follow the example game's first 6:00 step by step: what to build now, what comes next, and where it goes. At 1× it keeps pace with your own game.

  1. 1

    Up to the Bot Lab

    Economy
    • Metal Extractor3Mex
    • Wind Turbine4Wind
    Order
    1. Bot LabBot Lab after 3 mex, 4 winddone ~1:18, middle half 1:13–1:32

    Some games also: energy storage (30%)

    By 1:01 in all: 3 mex · 4 wind

    The example game in this phase · 3 steps
    1. Mex ×3
    2. Wind ×4
    3. Bot LabBot Labdone 1:15 · typical 1:18
  2. 2

    Bot Lab to Advanced Bot Lab

    Economy
    • Metal Extractor1Mex
    • Wind Turbine8Wind
    • Energy Storage1Energy storage
    Order
    1. Advanced Bot LabAdvanced Bot Lab after 4 mex, 12 wind, 3 con turretdone ~4:15, middle half 4:04–4:27
    Builders
    • Construction Turret3 Con turret
    • Lazarus3 Lazarus
    • Construction Bot2 Con bot
    • Construction Bot1 Con bot for allies

    Some games also: converter (36%)

    By 3:20 in all: 4 mex · 12 wind · 1 energy storage · 3 con turret

    The example game in this phase · 13 steps
    1. Construction BotCon bot
    2. LazarusLazarus
    3. Solar ×2
    4. Mex
    5. LazarusLazarus ×2
    6. Construction BotCon botfor Air
    7. LazarusLazarus
    8. Con turret ×2
    9. Energy storage
    10. Wind
    11. Con turret
    12. Wind ×5
    13. Advanced Bot LabAdvanced Bot Labdone 4:39 · typical 4:15
  3. 3

    Advanced Bot Lab to 5:00

    Economy
    • Wind Turbine2Wind
    Builders
    • Advanced Construction Bot1 T2 con bot for allies

    Some games also: converter (35%)

    By 5:00 in all: 4 mex · 15 wind · 2 converter · 1 energy storage · 3 con turret

    The example game in this phase · 3 steps
    1. Wind
    2. Converter ×2
    3. Advanced Construction BotT2 con botfor Geo
  4. 4

    5:00 to 10:00

    Economy
    • Wind Turbine43Wind
    • Energy Converter5Converter
    Builders
    • Butler8 Butler
    • Advanced Construction Bot4 T2 con bot for allies
    • Advanced Construction Bot1 T2 con bot

    Some games also: con turret (46%) · Butler for allies (38%)

    By 10:00 in all: 4 mex · 58 wind · 7 converter · 1 energy storage · 3 con turret

    The example game in this phase · 147 steps
    1. GunslingerGunslingerfor Suicide frontdone 5:20
    2. FatboyFatboyfor Ponddone 5:47
    3. Advanced Construction BotT2 con botfor Air
    4. Advanced Metal ExtractorT2 mex ×3done 6:39 · typical 5:28
    5. Wind ×2
    6. Advanced Construction BotT2 con botfor Geo sea
    7. Wind
    8. ButlerButler
    9. Wind
    10. ButlerButler
    11. Wind
    12. Advanced Metal ExtractorT2 mex
    13. ButlerButler
    14. Wind
    15. Advanced Construction BotT2 con botfor Beach sea
    16. Wind ×3
    17. SharpshooterSniper botfor Ponddone 9:24
    18. Wind ×7
    19. SharpshooterSniper botfor Pond
    20. Wind ×8
    21. CompassRadar botfor Pond
    22. Wind ×5
    23. SmugglerJammer botfor Pond
    24. Wind ×2
    25. Advanced Construction BotT2 con botfor Pond
    26. Wind ×3
    27. ButlerButler
    28. Wind ×4
    29. ButlerButler
    30. Wind ×2
    31. ButlerButler
    32. Wind
    33. Converter
    34. Wind ×5
    35. Converter
    36. ButlerButler
    37. Wind ×2
    38. ButlerButler
    39. Converter
    40. Wind ×3
    41. ButlerButler
    42. Converter
    43. Wind ×3
    44. Converter
    45. UmbrellaAnti-nukedone 11:46
    46. Wind ×3
    47. Converter
    48. Wind
    49. Converter
    50. Wind ×4
    51. Converter
    52. Wind ×3
    53. Converter
    54. Wind ×4
    55. Converter
    56. Wind ×3
    57. Converter
    58. Wind ×3
    59. Converter
    60. Wind ×3
    61. Converter
    62. RecluseReclusedone 12:06
    63. Wind ×8
    64. Converter
    65. Wind ×3
    66. Converter
    67. Wind ×3
    68. RecluseRecluse
    69. Converter
    70. Wind ×3
    71. Converter
    72. Wind
    73. PlatypusPlatypus
    74. Wind ×2
    75. Converter
    76. Wind ×2
    77. PlatypusPlatypus
    78. Converter
    79. Wind ×2
    80. PlatypusPlatypus
    81. Wind ×2
    82. Converter
    83. Wind ×2
    84. PlatypusPlatypus
    85. Converter
    86. Wind ×2
    87. PlatypusPlatypus
    88. Wind ×2
    89. Converter
    90. Wind ×2
    91. PlatypusPlatypus
    92. Wind ×2
    93. Converter
    94. PlatypusPlatypus
    95. Wind ×4
    96. PlatypusPlatypus
    97. Converter
    98. Wind ×2
    99. PlatypusPlatypus
    100. Converter
    101. Wind ×4
    102. PlatypusPlatypus
    103. Converter
    104. Wind ×2
    105. PlatypusPlatypus
    106. Wind
    107. Converter
    108. Wind ×3
    109. PlatypusPlatypus
    110. Converter
    111. Wind ×2
    112. PlatypusPlatypus
    113. Wind ×2
    114. Converter
    115. Wind
    116. PlatypusPlatypus
    117. Wind ×2
    118. Converter
    119. Wind
    120. PlatypusPlatypus
    121. Wind ×2
    122. PlatypusPlatypus
    123. Wind
    124. Converter
    125. Wind ×3
    126. PlatypusPlatypus
    127. Converter
    128. Wind ×2
    129. PlatypusPlatypus
    130. Wind ×2
    131. JunoJuno
    132. Wind
    133. Converter
    134. PlatypusPlatypus
    135. Wind ×2
    136. Converter
    137. Wind ×2
    138. PlatypusPlatypus
    139. Wind ×2
    140. Converter
    141. Wind
    142. Advanced Construction BotT2 con bot
    143. Wind ×2
    144. Converter
    145. Wind ×4
    146. Converter
    147. Wind

Counts are medians over the build's games: half of them build more, half fewer. The example game is 0neTw0's (41 OS, 23/09/2026); pick another.

Team trades

IN AT LEAST 30% OF ITS GAMES

You hand over

  • Construction Bot1 Con bot to Airfirst at 2:22 · in 88% of games
  • Advanced Construction Bot5 T2 con bot to Air or Pond or Geo seafirst at 4:46 · in 99% of games
  • Sharpshooter2 Sniper bot to Pondfirst at 5:23 · in 33% of games
  • Butler2 Butler to Geo sea or Beach sea or Pondfirst at 9:03 · in 42% of games

You get

  • Hercules1 Light transport from Airfirst at 3:59 · in 85% of games

How it plays out

Typical game of this build, running totals by minute

Metal produced

020k40k
0:005:0010:0015:00

metal

Enemy metal destroyed

0200400
0:005:0010:0015:00

metal

Own metal lost

0100200300
0:005:0010:0015:00

metal

793 games.

Show as table
ByMetal produced: This buildEnemy metal destroyed: This buildOwn metal lost: This build
1:0038300
2:0091500
3:00163500
4:00314800
5:00486300
6:00580700
7:00722000
8:00906100
9:001124700
10:001355300
11:001634200
12:001985000
13:002364400
14:0027360125130
15:0031473385260
WHAT THE NUMBERS SAY

This is the role's baseline and wins slightly more than half its games with a huge metal lead but almost no kills, showing its value is economic not combat.

  • + Produces 31389 metal by 15:00, far above other roles.
  • + Reaches T2 lab and constructor by 4:15-4:33 almost every game.
  • − Barely destroys any enemy metal (400 by 15:00), no combat presence.
  • − Fusion Reactor and anti-nuke only land in 44% of games.
THE EXAMPLE YOU ARE READING

0neTw0

41.4 OS · 23/09/2026

Open source match ↗

2 received units
3015 metal received · 66068 energy received

Allied construction assistance is unknown. Timings are observations, not a promise of solo reproducibility.

Typical milestones

Bot Lab1:18Middle 50%: 1:13–1:32 · n=793
Advanced Bot Lab4:15Middle 50%: 4:04–4:27 · n=787
Advanced Metal Extractor5:28Middle 50%: 5:06–5:58 · n=791

Played most by

Amrissa100games of this buildSyphos34games of this buildKOT_33games of this buildTeaner28games of this buildAdeus26games of this build